 Dungeon Crawl Stone Soup version 0.30-a0-800-g7c544603b3 (webtiles) character file.

Game seed: 13236097398695456859

129563 cforsyth the Unseen (level 17, -7/104 HPs)
             Began as a Kobold Brigand on Feb 22, 2023.
             Was the Champion of Hepliaklqana.
             Mangled by a radroach (19 damage)
             ... on level 3 of the Spider Nest.
             The game lasted 01:42:53 (35207 turns).

cforsyth the Unseen (Kobold Brigand)               Turns: 35207, Time: 01:42:54

Health: -7/104     AC: 13    Str:  8    XL:     17   Next: 62%
Magic:  23/23      EV: 31    Int: 15    God:    Hepliaklqana [******]
Gold:   2205       SH: 14    Dex: 28    Spells: 16/16 levels left

rFire   + . .      SeeInvis +    b - +3 rapier (flame)
rCold   + + .      Faith    .    h - +0 kite shield {reflect}
rNeg    . . .      Spirit   .    U - +2 leather armour {rC+ rF+}
rPois   +          Reflect  +    C - +2 hat
rElec   .          Harm     .    F - +1 cloak {Will+}
rCorr   +          Rampage  .    v - +2 pair of gloves of the Twenty Tusks {Dex+6 SInv}
Will    ++...                    Y - +0 pair of boots
Stlth   +++++++++                T - amulet of the acrobat
HPRegen 0.37/turn                r - ring of see invisible
MPRegen 0.18/turn                n - ring "Astrot" {rPois rC+ rCorr}

@: about to teleport
A: reduced essence, small, no large weapons, nightstalker 3
a: Renounce Religion, Recall Ancestor, Ancestor Identity, Transference, Idealise


You were on level 3 of the Spider Nest.
You worshipped Hepliaklqana.
Hepliaklqana was exalted by your worship.
You visited 4 branches of the dungeon, and saw 25 of its levels.
You also visited: Gauntlet, Ice Cave and Volcano.

You collected 2907 gold pieces.
You spent 702 gold pieces at shops.

Inventory:

Hand Weapons
 a - a +4 scimitar of flaming
 b - a +3 rapier of flaming (weapon)
Missiles
 d - 55 poisoned darts
 e - 12 curare-tipped darts
 f - 5 datura-tipped darts
 j - a throwing net
 W - 5 atropa-tipped darts (quivered)
Armour
 h - a +0 kite shield of reflection (worn)
 v - the +2 pair of gloves of the Twenty Tusks (worn) {Dex+6 SInv}
   (You found it on level 14 of the Dungeon)

   Dex:       It affects your dexterity (+6).
   SInv:      It lets you see invisible.
 C - a +2 hat (worn)
 F - a +1 cloak of willpower (worn)
 U - a +2 leather armour of resistance (worn)
 Y - a +0 pair of boots (worn)
Jewellery
 c - a ring of flight
 n - the ring "Astrot" (right hand) {rPois rC+ rCorr}
   (You found it in a Gauntlet)

   [ring of protection from cold]

   rC:        It protects you from cold.
   rPois:     It protects you from poison.
   rCorr:     It protects you from acid and corrosion.
 r - a ring of see invisible (left hand)
 T - an amulet of the acrobat (around neck)
 Z - a ring of willpower
Wands
 g - a wand of mindburst (18)
 l - a wand of charming (42)
 y - a wand of acid (10)
 K - a wand of digging (5)
 N - a wand of flame (15)
 Q - a wand of roots (15)
 V - a wand of polymorph (8)
Scrolls
 i - 3 scrolls of enchant armour
 m - 5 scrolls of blinking
 q - 5 scrolls of magic mapping
 u - 2 scrolls of silence
 w - a scroll of summoning {unknown}
 x - a scroll of immolation
 B - 5 scrolls of poison
 E - 3 scrolls of enchant weapon
 G - a scroll of fog {unknown}
 H - 3 scrolls of vulnerability
 I - 2 scrolls of brand weapon
 M - a scroll of fear
 O - a scroll of acquirement
 P - 8 scrolls of teleportation
Potions
 k - 4 potions of haste
 o - 10 potions of curing
 p - 4 potions of flight
 s - a potion of brilliance
 t - 5 potions of mutation
 z - 7 potions of lignification
 A - 3 potions of resistance
 D - 4 potions of cancellation
 J - a potion of heal wounds
 L - 4 potions of might
 R - 2 potions of ambrosia
 S - a potion of berserk rage
 X - a potion of invisibility


   Skills:
 + Level 16.3 Fighting
 - Level 14.0 Short Blades
 - Level 2.1 Throwing
 + Level 17.6 Dodging
 - Level 20.0 Stealth
 - Level 10.0 Shields
 + Level 8.1 Invocations


You had 16 spell levels left.
You didn't know any spells.
Your spell library contained the following spells:

 Spells                   Type           Power      Damage    Failure   Level
 Magic Dart               Conj           0%         1d3       77%         1
 Slow                     Hex            0%         N/A       77%         1
 Blink                    Tloc           0%         N/A       88%         2
 Call Imp                 Summ           0%         N/A       88%         2
 Lesser Beckoning         Tloc           0%         N/A       88%         2
 Momentum Strike          Conj/Tloc      0%         3d8       88%         2
 Static Discharge         Conj/Air       0%         2-2/arc   88%         2
 Sublimation of Blood     Necr           0%         N/A       88%         2
 Confusing Touch          Hex            0%         N/A       98%         3
 Hailstorm                Conj/Ice       0%         3d3       98%         3
 Inner Flame              Hex/Fire       0%         N/A       98%         3
 Mephitic Cloud           Conj/Pois/Air  0%         N/A       98%         3
 Spider Form              Tmut/Pois      0%         N/A       98%         3
 Teleport Other           Tloc           0%         N/A       98%         3
 Tukima's Dance           Hex            0%         N/A       98%         3
 Vampiric Draining        Necr           0%         2d6       98%         3
 Vhi's Electric Charge    Tloc/Air       0%         N/A       98%         3
 Animate Armour           Summ/Erth      0%         N/A       100%        4
 Leda's Liquefaction      Hex/Erth       0%         N/A       100%        4
 Passage of Golubria      Tloc           0%         N/A       100%        4
 Petrify                  Tmut/Erth      0%         N/A       100%        4
 Summon Ice Beast         Ice/Summ       0%         N/A       100%        4
 Arcjolt                  Conj/Air       0%         1d10      100%        5
 Irradiate                Conj/Tmut      0%         3d11      100%        5
 Iskenderun's Battlesphe  Conj           0%         2d6       100%        5
 Lee's Rapid Deconstruct  Erth           0%         3d4*      100%        5
 Lightning Bolt           Conj/Air       0%         1d11      100%        5
 Silence                  Hex/Air        0%         N/A       100%        5
 Summon Mana Viper        Hex/Summ       0%         N/A       100%        5
 Yara's Violent Unravell  Hex/Tmut       0%         3d3       100%        5
 Iron Shot                Conj/Erth      0%         9d1       100%        6
 Simulacrum               Ice/Necr       0%         N/A       100%        6
 Statue Form              Tmut/Erth      0%         N/A       100%        6
 Enfeeble                 Hex            0%         N/A       100%        7
 Spellforged Servitor     Conj/Summ      0%         N/A       100%        7
 Lehudib's Crystal Spear  Conj/Erth      0%         10d2      100%        8
 Polar Vortex             Ice            0%         N/A       100%        9


Dungeon Overview and Level Annotations

Branches:
Dungeon (15/15)            Temple (0/1) D:7            Lair (5/5) D:9
  Swamp (0/4) Lair:3       Spider (3/4) Lair:2        Slime (0/5) Lair:4
    Orc (2/2) D:9             Elf (0/3) Orc:2        Vaults (0/5) D:14
 Depths (0/4) D:15          IceCv (visited)         Volcano (visited)
Gauntlet (visited)

Altars:
Ashenzari
Dithmenos
Fedhas
Gozag
Hepliaklqana
Kikubaaqudgha
Makhleb
Nemelex Xobeh
Qazlal
Ru
Sif Muna
Trog
Uskayaw
Vehumet
Wu Jian
Xom
Yredelemnul
The Shining One
Jiyva

Shops:
D:3 *   Orc:1 [   Orc:2 *[(*

Annotations:
D:10 1 runed translucent door
Spider:1 Agnes


Innate Abilities, Weirdness & Mutations

Your life essence is reduced to manifest your ancestor. (-10% HP)
You are small and have problems with some larger weapons.
You are completely attuned to the shadows.


Message History

DadTDM casts a spell at the orb spider.
The orb spider resists with some effort.
The wolf spider hits you! You block the wolf spider's attack.
The wolf spider closely misses you. You block the wolf spider's attack.
You puncture the wolf spider! You burn the wolf spider.
The wolf spider is moderately wounded.
The culicivora barely misses you. You block the radroach's attack. x2
You block the wolf spider's attack. The wolf spider completely misses you.
The wolf spider closely misses you. The wolf spider bites you!
You puncture the wolf spider! You burn the wolf spider.
The wolf spider is heavily wounded.
You block the culicivora's attack.
DadTDM casts a spell at the orb spider.
The orb spider resists with some effort.
The orb spider begins to weave its threads into a brightly glowing ball.
The wolf spider closely misses you. You block the wolf spider's attack.
The radroach bites you!
* * * LOW HITPOINT WARNING * * *
The radroach claws you.
* * * LOW HITPOINT WARNING * * *
The wolf spider hits you.
* * * LOW HITPOINT WARNING * * *
The wolf spider misses you.
You puncture the wolf spider! You burn the wolf spider.
The wolf spider is severely wounded.
You block the culicivora's attack.
The wolf spider hits you but does no damage.
The wolf spider completely misses you. The wolf spider closely misses you.
The wolf spider bites you.
* * * LOW HITPOINT WARNING * * *
You are lethally poisoned!
The wolf spider poisons you! The radroach closely misses you.
The radroach misses you.
You feel better. The culicivora bites you!
* * * LOW HITPOINT WARNING * * *
The culicivora draws strength from your injuries!
You block the wolf spider's attack. The wolf spider completely misses you.
The wolf spider misses you. You block the wolf spider's attack.
The culicivora closely misses you. The radroach bites you!!
You die...

s...##
.......s
#....R....#
...$....B.#
........s@#
#.......ss#
##.....##
#.###..#
##.# ##.#
#.## ##..
##.# #.
##.## #.#R#


You could see the friendly DadTDM the hexer, a radroach, 2 wolf spiders, 2 orb
spiders and a culicivora.

Vanquished Creatures
  Gastronok (Orc:1)
  Donald (Spider:1)
  Aizul (Spider:2)
  A minotaur (Gauntlet)
  An entropy weaver (Spider:2)
  3 hydras
  An ice dragon (Lair:5)
  A jorogumo (Spider:2)
  An ogre mage (D:14)
  Erica (Lair:2)
  2 boulder beetles
  3 centaur warriors
  A death knight (D:15)
  A dancing weapon (Volcano)
  A tengu warrior (D:15)
  2 two-headed ogres
  6 death yaks (Lair:5)
  3 orc high priests (Orc:2)
  A skyshark (Lair:4)
  9 skeletal warriors
  3 pharaoh ants
  A bog body (IceCv)
  A fire crab (shapeshifter) (D:15)
  4 orb spiders
  2 phantasmal warriors (D:15)
  6 wizards
  4 orc knights
  4 steelbarb worms
  A lindwurm (Lair:1)
  3 deep elf pyromancers
  2 necromancers
  4 orc sorcerers
  5 wolf spiders
  10 ugly things
  A manticore (D:15)
  5 cyclopes
  An ice statue (IceCv)
  4 toenail golems (Volcano)
  Joseph (D:8)
  8 black mambas
  4 demonic crawlers
  4 torpor snails
  2 gargoyles
  5 centaur skeletons
  A naga mage (D:15)
  12 cane toads
  A torpor snail (shapeshifter) (D:14)
  4 yaktaurs (D:14)
  A rime drake (Lair:3)
  2 kobold demonologists
  13 komodo dragons
  2 unseen horrors
  7 ice devils
  A freezing wraith (D:15)
  7 trolls
  4 tyrant leeches (Lair:5)
  6 meliai
  7 tarantellas
  9 hornets
  A harpy skeleton (D:15)
  13 blink frogs
  22 jumping spiders
  4 shadows
  5 dire elephant simulacra (IceCv)
  A vampire (D:11)
  2 wraiths
  49 yaks
  2 basilisks
  13 culicivoras
  A steam dragon (D:8)
  38 redbacks
  A neqoxec (Gauntlet)
  Grum (D:8)
  3 chaos spawn (Gauntlet)
  3 vampire mosquitoes
  A harpy simulacrum (IceCv)
  3 hydra simulacra (IceCv)
  10 water moccasins
  4 black bears
  11 orc warriors
  The ghost of Darius099 the Shield-Bearer, an amateur MiFi (D:3)
  A sky beast (D:7)
  12 wolves
  9 centaurs
  14 ogres
  7 kobold brigands
  2 scorpions
  A two-headed ogre simulacrum (IceCv)
  5 bullfrogs
  3 necrophages
  4 gnoll sergeants
  2 wights (D:7)
  An elephant simulacrum (IceCv)
  3 electric eels
  4 howler monkeys
  2 jellies (D:6)
  8 orc priests
  4 hounds
  5 iguanas
  A hexer (D:10)
  Ijyb (D:3)
  12 orc wizards
  6 hell rats (Lair:3)
  A spriggan simulacrum (IceCv)
  A boggart skeleton (D:14)
  13 gnolls
  7 adders
  A shadow imp (Gauntlet)
  2 ufetubi
  3 worms
  A dart slug (D:1)
  38 orcs
  5 bats
  7 endoplasms
  2 giant cockroaches (D:4)
  4 goblins
  3 hobgoblins
  7 quokkas
  6 ball pythons
  3 frilled lizards
  15 kobolds
  4 rats
  2 butterflies (Lair:5)
624 creatures vanquished.

Vanquished Creatures (collateral kills)
  An entropy weaver (Spider:1)
  2 hydras
  A centaur warrior (D:14)
  A boulder beetle (D:12)
  4 two-headed ogres
  A soul eater (Gauntlet)
  A pharaoh ant (Spider:2)
  An orb spider (Spider:2)
  A wizard (Volcano)
  A lindwurm (Lair:5)
  A wolf spider (Spider:2)
  2 orc knights (Orc:2)
  3 ugly things
  A toenail golem (Volcano)
  An ice statue (IceCv)
  3 cane toads
  A torpor snail (Lair:5)
  2 ice devils (IceCv)
  A centaur skeleton (D:14)
  3 komodo dragons
  A yaktaur (D:14)
  A polar bear (Lair:3)
  A troll (D:9)
  2 tarantellas (Spider:1)
  A hornet (Lair:5)
  6 blink frogs
  5 jumping spiders
  2 culicivoras (Spider:1)
  A wyvern (Lair:4)
  6 yaks
  2 steam dragons
  A dire elephant simulacrum (IceCv)
  A shadow (D:9)
  A wraith (D:13)
  2 basilisks
  2 vampire mosquitoes
  3 redbacks
  4 water moccasins
  6 orc warriors
  3 ogres
  4 wolves
  2 centaurs (D:11)
  A kobold brigand (D:9)
  A bullfrog (Lair:1)
  2 wights (D:7)
  A howler monkey (D:12)
  An electric eel (Lair:5)
  3 orc priests
  5 orc wizards
  A hell rat (Lair:3)
  An adder (D:3)
  4 gnolls
  2 shadow imps (Gauntlet)
  13 orcs
  2 kobolds
126 creatures vanquished.

Vanquished Creatures (others)
  A hornet (D:10)
  26 hexers
  2 ancestors (D:6)
  An orc (Orc:2)
  15 fungi
  48 plants
93 creatures vanquished.

Grand Total: 843 creatures vanquished

Notes
Turn   | Place    | Note
-------+----------+-------------------------------------------
     0 | D:1      | cforsyth the Kobold Brigand began the quest for the Orb.
     0 | D:1      | Reached XP level 1. HP: 12/12 MP: 1/1
   212 | D:1      | Reached XP level 2. HP: 18/18 MP: 2/2
   885 | D:2      | Reached XP level 3. HP: 22/22 MP: 3/3
  1265 | D:2      | Reached XP level 4. HP: 7/27 MP: 4/4
  1298 | D:2      | Reached skill level 6 in Stealth
  2096 | D:3      | Found a runed translucent door.
  2145 | D:3      | Noticed Ijyb
  2169 | D:3      | Found a basalt altar of Yredelemnul.
  2174 | D:3      | Killed Ijyb
  2175 | D:3      | Reached XP level 5. HP: 32/32 MP: 5/5
  2190 | D:3      | Found a radiant altar of Vehumet.
  2201 | D:3      | Noticed Darius099's ghost (amateur MiFi)
  2423 | D:3      | Found Wanim's Assorted Antiques.
  2428 | D:3      | Bought a sedimented yellow potion for 25 gold pieces
  2428 | D:3      | Bought a scroll labelled SUOR YNUD XAOL for 28 gold pieces
  2539 | D:3      | Found a faded altar of an unknown god.
  2544 | D:3      | Found an ancient bone altar of Kikubaaqudgha.
  2546 | D:3      | Found a shimmering altar of Xom.
  2547 | D:3      | Found a hazy altar of Hepliaklqana.
  2555 | D:3      | Became a worshipper of Hepliaklqana the Forgotten
  2559 | D:3      | Found an ornate altar of the Wu Jian Council.
  2711 | D:3      | Noticed an ogre
  2715 | D:3      | Killed an ogre
  2716 | D:3      | Reached XP level 6. HP: 38/38 MP: 6/6
  3101 | D:3      | Found a sacrificial altar of Ru.
  3665 | D:4      | Reached skill level 7 in Stealth
  3790 | D:4      | Reached skill level 5 in Short Blades
  3790 | D:4      | Reached XP level 7. HP: 35/43 MP: 7/7
  4023 | D:5      | Entered Level 5 of the Dungeon
  4414 | D:5      | Found a glowing golden altar of the Shining One.
  4466 | D:5      | Reached * piety under Hepliaklqana
  4592 | D:5      | Reached skill level 5 in Fighting
  4592 | D:5      | Reached skill level 5 in Dodging
  4592 | D:5      | Reached skill level 8 in Stealth
  4592 | D:5      | Reached XP level 8. HP: 44/44 MP: 8/8
  4677 | D:5      | HP: 1/44 [orc/+1 short sword of electrocution (5)]
  6079 | D:6      | Found a burning altar of Makhleb.
  6235 | D:6      | Reached skill level 9 in Stealth
  6249 | D:6      | Reached XP level 9. HP: 35/49 MP: 9/9
  7091 | D:7      | Reached ** piety under Hepliaklqana
  7092 | D:7      | Remembered your ancestor DadTDM as a hexer
  7119 | D:7      | Found a staircase to the Ecumenical Temple.
  7184 | D:7      | Found a broken altar of Ashenzari.
  7403 | D:7      | Noticed a hornet
  7412 | D:7      | Noticed a troll
  7412 | D:7      | Noticed a purple ugly thing
  7417 | D:7      | Noticed a kobold demonologist
  7417 | D:7      | Noticed a troll
  7466 | D:8      | HP: 2/50 [purple ugly thing (15)]
  7471 | D:8      | Killed a purple ugly thing
  7472 | D:8      | Reached skill level 10 in Stealth
  7678 | D:8      | Noticed Grum
  7704 | D:8      | Killed Grum
  7887 | D:8      | Reached XP level 10. HP: 56/56 MP: 10/10
  7938 | D:8      | Noticed Joseph
  7942 | D:8      | Killed Joseph
  7943 | D:8      | Reached skill level 1 in Shields
  8154 | D:8      | Reached skill level 11 in Stealth
  8312 | D:8      | Noticed a two-headed ogre
  8323 | D:8      | Killed a two-headed ogre
  8823 | D:8      | Found a shimmering blue altar of Sif Muna.
  9016 | D:7      | Found a stormy altar of Qazlal.
  9039 | D:7      | Found a bloodstained altar of Trog.
  9260 | D:7      | Noticed a two-headed ogre
  9267 | D:7      | Killed a two-headed ogre
  9268 | D:7      | Reached skill level 10 in Short Blades
  9306 | D:7      | Reached XP level 11. HP: 59/62 MP: 11/11
  9358 | D:7      | Reached skill level 12 in Stealth
  9414 | D:7      | Got the Lectures on Enchanted Toxicity
  9432 | D:7      | Noticed a two-headed ogre
  9507 | D:7      | Killed a two-headed ogre
  9807 | D:3      | Killed Darius099's ghost
 10396 | D:9      | Found a shadowy altar of Dithmenos.
 10604 | D:9      | Found an opulent altar of Gozag.
 10643 | D:9      | Found a staircase to the Orcish Mines.
 11025 | D:9      | Reached skill level 10 in Dodging
 11177 | D:9      | Found a staircase to the Lair.
 11374 | D:10     | Entered Level 10 of the Dungeon
 11375 | D:10     | Reached *** piety under Hepliaklqana
 11443 | D:10     | Reached skill level 13 in Stealth
 11923 | D:10     | Reached XP level 12. HP: 66/69 MP: 12/12
 12492 | D:10     | Noticed a sixfirhy
 12497 | D:10     | Found a runed translucent door.
 12652 | D:10     | Found a hide-covered altar of Uskayaw.
 13185 | D:11     | Reached skill level 10 in Fighting
 13249 | D:11     | Reached **** piety under Hepliaklqana
 13361 | D:11     | Reached skill level 5 in Shields
 13695 | D:11     | Noticed a two-headed ogre
 13702 | D:11     | Killed a two-headed ogre
 13805 | D:11     | Noticed a skeletal warrior
 14142 | Lair:1   | Entered Level 1 of the Lair of Beasts
 14174 | Lair:1   | Found a dark tunnel.
 14234 | Volcano  | Entered a volcano
 14244 | Volcano  | Reached skill level 14 in Stealth
 14401 | Volcano  | Noticed a +2 mace of flaming
 14405 | Volcano  | Killed a +2 mace of flaming
 14489 | Volcano  | Reached XP level 13. HP: 75/75 MP: 13/13
 15880 | Lair:2   | Found a sparkling altar of Nemelex Xobeh.
 16022 | Lair:2   | Noticed Erica
 16026 | Lair:2   | Killed Erica
 16027 | Lair:2   | Reached skill level 15 in Stealth
 16517 | Lair:2   | Found a hole to the Spider Nest.
 16929 | Lair:2   | Reached ***** piety under Hepliaklqana
 17299 | Lair:2   | You fall into a shaft and drop 2 floors!
 17761 | Lair:4   | Noticed a five-headed hydra
 17767 | Lair:4   | Killed a five-headed hydra
 17909 | Lair:4   | Reached XP level 14. HP: 62/82 MP: 14/14
 17986 | Lair:4   | Reached skill level 16 in Stealth
 18755 | Lair:3   | Found a staircase to the Swamp.
 19620 | Lair:4   | Found a viscous altar of Jiyva.
 19620 | Lair:4   | Found a staircase to the Slime Pits.
 19776 | Lair:5   | Entered Level 5 of the Lair of Beasts
 19831 | Lair:5   | Found a frozen archway.
 19839 | IceCv    | Entered an ice cave
 20813 | IceCv    | Got Xeptigic's Cyclopedia of the Winter
 21277 | Lair:5   | Reached skill level 17 in Stealth
 22228 | Lair:5   | Reached XP level 15. HP: 7/89 MP: 15/15
 22577 | Lair:5   | HP: 3/89 [yak (13)]
 23033 | Lair:5   | Found a runed translucent door.
 23436 | Lair:5   | Reached skill level 18 in Stealth
 23862 | Orc:1    | Entered Level 1 of the Orcish Mines
 24109 | Orc:1    | Found Fimaux's Armour Emporium.
 24114 | Orc:1    | Bought a +2 pair of gloves of dexterity for 301 gold pieces
 24166 | Orc:1    | Noticed Gastronok
 24170 | Orc:1    | Killed Gastronok
 24341 | Orc:2    | Entered Level 2 of the Orcish Mines
 24341 | Orc:2    | Found a staircase to the Elven Halls.
 24375 | Orc:2    | Found a gate leading to a gauntlet.
 24381 | Gauntlet | Entered a Gauntlet
 24381 | Gauntlet | Found a transporter.
 24396 | Gauntlet | Found a transporter.
 24397 | Gauntlet | Reached ****** piety under Hepliaklqana
 24409 | Gauntlet | Found a transporter.
 24420 | Gauntlet | Noticed a quicksilver ooze
 24428 | Gauntlet | Found a transporter.
 24438 | Gauntlet | Found a transporter.
 24452 | Gauntlet | Found a transporter.
 24471 | Gauntlet | Found a transporter.
 24481 | Gauntlet | Found a transporter.
 24499 | Gauntlet | Found a transporter.
 24510 | Gauntlet | Found a transporter.
 24596 | Gauntlet | Found a transporter.
 24776 | Gauntlet | Found a transporter.
 24795 | Gauntlet | Identified the ring "Astrot" {rPois rC+ rCorr}
 24828 | Gauntlet | Reached skill level 15 in Dodging
 24851 | Gauntlet | Identified the +0 mace of Neror {heavy, Fragile rN+ rCorr
                  | SInv}
 24852 | Gauntlet | Got the Disquisition on Moving Beckoning
 25907 | Orc:2    | Found Bismoug's General Store.
 25907 | Orc:2    | Found Keoperph's General Store.
 26016 | Orc:2    | Found Webbible's Antique Weapon Shop.
 26016 | Orc:2    | Found Caust's Antique Armour Emporium.
 26019 | Orc:2    | Bought a scroll of identify for 24 gold pieces
 26019 | Orc:2    | Bought a scroll of teleportation for 36 gold pieces
 26031 | Orc:2    | Bought an ichor-stained ring mail for 288 gold pieces
 26031 | Orc:2    | Identified the +1 ring mail of the Were-rabbit {rPois
                  | Regen+ Str-2} (You bought it in a shop on level 2 of the
                  | Orcish Mines)
 27195 | D:12     | Identified the +7 spear "Cidwac" {holy, rCorr Str+2}
 27508 | D:12     | Identified the +1 leather armour of Ixufequff {Regen+ Str+6
                  | Dex-2}
 27612 | D:12     | Reached XP level 16. HP: 96/96 MP: 16/16
 27954 | D:13     | Identified a scroll of acquirement
 28132 | D:13     | Reached skill level 1 in Invocations
 28488 | D:13     | Found a blossoming altar of Fedhas.
 28764 | D:14     | Reached skill level 19 in Stealth
 29230 | D:14     | Reached skill level 10 in Shields
 29236 | D:14     | Found a gate to the Vaults.
 29278 | D:14     | Identified the +2 pair of gloves of the Twenty Tusks {Dex+6
                  | SInv}
 29887 | D:14     | Found a sparkling altar of Nemelex Xobeh.
 30039 | D:15     | Entered Level 15 of the Dungeon
 30200 | D:15     | Reached skill level 15 in Fighting
 30405 | D:15     | Found a staircase to the Depths.
 31059 | D:15     | Reached skill level 5 in Invocations
 31715 | Spider:1 | Entered Level 1 of the Spider Nest
 31891 | Spider:1 | Noticed Donald
 32181 | Spider:1 | Reached skill level 20 in Stealth
 32313 | Spider:1 | Reached XP level 17. HP: 101/101 MP: 21/21
 32712 | Spider:1 | Noticed Agnes
 33165 | Spider:1 | Identified the +10 sling "Ynaek" {heavy, Dex+3 SInv}
 33241 | Spider:1 | Killed Donald
 34844 | Spider:2 | Noticed Aizul
 34848 | Spider:2 | Killed Aizul
 35207 | Spider:3 | Mangled by a radroach

Illustrated notes

Levels and vault maps discovered:
D:1:      co_arrival_hall_of_pillars, layout_basic
D:2:      layout_loops_corners
D:3:      layout_rooms, lemuel_tele_altar, fiery_altar_vehumet,
          mainiacjoe_overflow_concentric_impassable,
          chequers_temple_overflow_minitemple, ebering_ghost_sewer_d,
          serial_shops, shop, st_stairs_6, hangedman_decor_lopped,
          lightli_corner_chamber, uniq_ijyb
D:4:      layout_rooms, minmay_misc_feat_plants
D:5:      layout_cave_pools, general_overflow_altar
D:6:      layout_loops_cross, lemuel_crystal_altar,
          kennysheep_decorative_pillar, grunt_decor_resistance
D:7:      minmay_the_grid_octo_triangle [minmay_the_grid_octo_odd_swirl,
          minmay_the_grid_octo_prize_big_c,
          minmay_the_grid_octo_tetromino_candy], layout_basic,
          trog_three_pillars_becter, nicolae_qazlal_style_of_elements,
          ashenzari_conservatory_becter, minmay_temple_entry_slanted,
          hangedman_abyss_or_decor_lesser_grid, serial_bayou_lagoon_b
D:8:      layout_loops_ring, kennysheep_mini, solitary_fountain, uniq_grum,
          uniq_joseph
D:9:      layout_basic, kennysheep_mini_moat, mainiacjoe_overflow_alcove_1,
          lair_entry_dummy, kennysheep_orc_monster_closet_entryway
D:10:     cheibrodos_shockbox, layout_basic, nicolae_uskayaw_suspiria
D:11:     layout_loops_corners
D:12:     layout_irregular_city
D:13:     layout_loops_ring, fedhas_altar_fruit_tree
D:14:     layout_basic, hangedman_vaults_entry_quadrant_bands,
          minmay_misc_feat_square, nemelex_diamond_rough_becter
D:15:     grunt_enter_depths_magical_seal, layout_basic, corexii_hall_statues_u
Lair:1:   layout_gridlike, nicolae_volcano_entry_vermiform,
          amcnicky_mini_pool_medium
Lair:2:   layout_regular_city, nicolae_spider_entry_tight_spaces, basic_altar,
          st_stairs_11, uniq_erica
Lair:3:   layout_regular_city, swamp_mist, beast_lair_carwin_5
Lair:4:   layout_gridlike, dpeg_slime_entry_enclosed, lemuel_fruit_tree,
          grunt_megastairs_3
Lair:5:   wormcave, layout_cave_pods, portal_ice_cave_demonic_guard,
          lemuel_fruit_fields, serial_bayou_shore_a
Spider:1: layout_spider_delve, hangedman_spider_tarantella_strand, uniq_agnes,
          uniq_donald
Spider:2: layout_spider_delve, uniq_aizul
Spider:3: layout_chambers, nicolae_spider_checkerboard
Orc:1:    layout_caves, serial_shops, nicolae_diamond_shop, uniq_gastronok
Orc:2:    grunt_orc_tribal_feast, layout_caves, gauntlet_entry_generic

Skill      XL: |  1  2  3  4  5  6  7  8  9 10 11 12 13 14 15 16 17 |
---------------+----------------------------------------------------+-----
Short Blades   | 3 4 5 6 7 8 10 11 12 14 | 14.0
Dodging        | 2 3 4 5 6 7 9 10 11 12 14 15 16 17 | 17.6
Stealth        | 6 7 8 9 10 11 13 14 15 17 18 20 | 20.0
Fighting       | 3 4 5 6 7 8 9 10 12 13 14 15 16 | 16.3
Shields        | 3 4 6 7 8 9 10 | 10.0
Invocations    | 5 8 |  8.1
Throwing       | |  2.1

Action                     |  1- 3 |  4- 6 |  7- 9 | 10-12 | 13-15 | 16-18 || total
---------------------------+-------+-------+-------+-------+-------+-------++-------
  Melee: Dagger            |    45 |   215 |   111 |       |       |       ||   371
         Punch             |     1 |     3 |     2 |       |       |       ||     6
         Short sword       |       |       |   227 |   652 |    12 |       ||   891
         Unarmed           |       |       |       |     2 |       |       ||     2
         Rapier            |       |       |       |       |  1059 |   751 ||  1810
         Scimitar          |       |       |       |       |   194 |     9 ||   203
  Throw: Dart              |       |       |       |     2 |    11 |     8 ||    21
         Throwing net      |       |       |       |       |     1 |       ||     1
 Invoke: Ancestor Identity |       |       |     1 |       |       |       ||     1
         Ancestor Life: He |       |       |     1 |       |       |       ||     1
         Recall Ancestor   |       |       |       |       |     2 |       ||     2
  Evoke: Wand              |       |       |       |     1 |     2 |     1 ||     4
    Use: Potion            |       |     3 |     1 |     1 |     5 |     2 ||    12
         Scroll            |       |     6 |     4 |     3 |     9 |    20 ||    42
   Stab: Sleeping          |    13 |    19 |    16 |    15 |    46 |    39 ||   148
         Distracted        |       |       |     3 |    17 |    32 |    15 ||    67
         Confused          |       |       |     3 |    14 |    25 |    23 ||    65
         Paralysed         |       |       |       |       |    19 |    41 ||    60
         Invisible         |       |       |       |       |     3 |       ||     3
 Armour: Robe              |     5 |    13 |    13 |    13 |    18 |       ||    62
         Leather armour    |       |       |    53 |     1 |    57 |    83 ||   194
         Steam dragon scal |       |       |       |    41 |       |       ||    41
         Troll leather arm |       |       |       |    15 |    33 |       ||    48
  Dodge: Dodged            |    23 |   111 |   264 |   327 |   724 |   565 ||  2014
  Block: Buckler           |       |       |       |    84 |   345 |   167 ||   596
         Kite shield       |       |       |       |       |       |   190 ||   190

Table legend: (Time is in decaauts)
 A = Elapsed time spent in this place.
 B = Non-inter-level travel time spent in this place.
 C = Inter-level travel time spent in this place.
 D = Time resting spent in this place.
 E = Time spent auto-exploring this place.
 F = Levels seen in this place.
 G = Mean time per level.
                   A        B        C        D        E       F      G
               +--------+--------+--------+--------+--------+-----+--------+
         Total |  34144 |  32444 |   1700 |   3736 |  22164 |  28 | 1219.4 |
       Dungeon |  19213 |  17979 |   1234 |   2091 |  12722 |  15 | 1280.9 |
          Lair |   7703 |   7336 |    367 |    249 |   5758 |   5 | 1540.6 |
   Spider Nest |   3293 |   3263 |     30 |    823 |   1683 |   3 | 1097.7 |
  Orcish Mines |   1776 |   1709 |     67 |    321 |    983 |   2 |  888.0 |
      Ice Cave |   1272 |   1272 |      0 |    250 |    727 |   1 | 1272.0 |
       Volcano |    379 |    379 |      0 |      0 |    148 |   1 |  379.0 |
      Gauntlet |    504 |    504 |      0 |      2 |    142 |   1 |  504.0 |
               +--------+--------+--------+--------+--------+-----+--------+

Top non-repeatable levels by time:
  Lair:5: 2512 daAuts
Spider:1: 2132 daAuts
    D:10: 1753 daAuts
     D:7: 1703 daAuts
     D:8: 1678 daAuts
  Lair:2: 1623 daAuts
    D:15: 1433 daAuts
     D:9: 1371 daAuts
     D:3: 1314 daAuts
  Lair:1: 1295 daAuts
   Orc:2: 1278 daAuts
   IceCv: 1272 daAuts
     D:5: 1267 daAuts
     D:6: 1204 daAuts
    D:11: 1198 daAuts
